 Dungeon Crawl Stone Soup version 0.31.0-12-g77e489cdc1 (webtiles) character file.

Game seed: 10264566054783823712

44 spaghetti the Trooper (level 3, -1/18 HPs)
             Began as an Oni Chaos Knight on Feb 27, 2024.
             Was a Plaything of Xom.
             Slain by a ribbon worm (8 damage)
             ... on level 2 of the Dungeon.
             The game lasted 00:01:06 (867 turns).

spaghetti the Trooper (Oni Chaos Knight)             Turns: 867, Time: 00:01:07

Health: -1/18      AC:  1    Str: 18    XL:     3   Next: 62%
Magic:  3/3        EV: 13    Int: 13    God:    Xom [..*...]
Gold:   48         SH:  0    Dex:  8    Spells: 2/2 levels left

rFire   . .          .
                       - Unarmed
rCold   . . .        (shield currently unavailable)
rNeg    . . .        a - melded +2 robe
rPois   .            (helmet restricted)
rElec   .            (no cloak)
rCorr   .            (gloves unavailable)
SInv    .            (boots unavailable)
Will    .....        (no amulet)
Stlth   +            (no ring)
HPRegen 0.23/turn    (no ring)
MPRegen 0.08/turn

%: no passive effects
@: flux-form, glowing
A: glow, contaminating, reduced hp, large, unfitting armour, horns 1, tough skin
1, double potion healing, drunken brawling
a: Begin Untransformation, Renounce Religion


You were on level 2 of the Dungeon.
You worshipped Xom.
You were a toy of Xom.
You were something dangerously unstable.
You visited 1 branch of the dungeon, and saw 2 of its levels.

You collected 48 gold pieces.

Inventory:

Missiles
 g - 4 poisoned darts
Armour
 a - a +2 robe (melded)
Talismans
 i - a flux talisman (active)
Scrolls
 b - a scroll of butterflies
 c - 3 scrolls of noise {unknown}
 d - a scroll of silence {unknown}
 e - 2 scrolls of poison {unknown}
 f - 2 scrolls of identify {unknown}
 h - a scroll of enchant armour {unknown}
 j - a scroll of blinking {unknown}


   Skills:
 - Level 4.7 Fighting
 - Level 2.1 Dodging
 - Level 3.2 Unarmed Combat
 + Level 1.5 Shapeshifting


You had 2 spell levels left.
You didn't know any spells.
Your spell library was empty.

Dungeon Overview and Level Annotations

Branches:
Dungeon (2/15)

Altars:


Innate Abilities, Weirdness & Mutations

You are something dangerously unstable.
You glow with magical radiation, making you easy to see and hit.
Foes you strike become dangerously contaminated with magical radiation.
Your maximum health is decreased, since you lack skill for your form.
You are incapable of wielding weapons or throwing items.
You are too large for most types of armour.
You have a pair of small horns on your head.
You have tough skin. (AC +1)
You gain doubled healing and magic from potions.
Whenever you drink a healing potion, you attack all around you.


Message History

The web tears apart.
A bat comes into view.
The adder barely misses you. The ribbon worm bites you.
The adder attacks as it pursues you! The adder closely misses you. x2
You are too injured to fight recklessly!
You are too injured to fight recklessly!
You are too injured to fight recklessly!
You are too injured to fight recklessly!
You are too injured to fight recklessly!
You are too injured to fight recklessly!
You are too injured to fight recklessly!
You hit the adder but do no damage.
The adder begins to glow.
You headbutt the adder, but do no damage.
The adder bites you.
You hit the adder.
The adder glows dangerously bright.
The adder is moderately wounded.
The adder bites you.
You hit the adder.
The adder shudders as magic cascades through it.
The adder twists and deforms.
The adder is almost dead.
The adder bites you but does no damage.
You hit the adder but do no damage.
The adder begins to glow.
The adder is almost dead.
The adder barely misses you.
You hit the adder.
You kill the adder!
The bat hits you. The kobold hits you with a +0 whip.
The ribbon worm expels a string of sticky webbing.
The stream of webbing misses you. The bat barely misses you.
You are too injured to fight recklessly!
You hit the kobold but do no damage.
The kobold begins to glow.
The bat barely misses you. The kobold barely misses you.
The ribbon worm misses you.
You barely miss the kobold. You headbutt the kobold.
You kill the kobold!
You barely miss the ribbon worm. Your headbutt misses the ribbon worm.
The bat hits you. The bat barely misses you. The ribbon worm bites you!
You die...

.......# ......# ##
.....#.. #....#.
#..... #....# #.wwb#
#.#p## #. #....# ...
..#########.## ....
#......<##.#
..≈.##.##....)..##
.♣....#....##.....#
....♣.#...........#
.♣................#
§§.≈.≈.........#..###


You could see a ribbon worm (catching breath), a dart slug and a bat.

Vanquished Creatures
  An adder (D:2)
  A dart slug (D:1)
  2 bats
  5 endoplasms
  4 goblins
  3 hobgoblins (D:1)
  3 jackals (D:1)
  A quokka (D:1)
  3 ball pythons
  2 frilled lizards (D:1)
  A kobold (D:2)
  5 rats
31 creatures vanquished.

Notes
Turn   | Place    | Note
-------+----------+-------------------------------------------
     0 | D:1      | spaghetti the Oni Chaos Knight began the quest for the Orb.
     0 | D:1      | Reached XP level 1. HP: 24/24 MP: 1/1
    91 | D:1      | XOM: smoke on damage
   122 | D:1      | Reached XP level 2. HP: 30/33 MP: 2/2
   283 | D:1      | Found a faded altar of an unknown god.
   375 | D:1      | XOM: silly message
   468 | D:1      | XOM: divination: detect creatures
   622 | D:1      | Reached XP level 3. HP: 4/40 MP: 3/3
   814 | D:2      | Reached skill level 1 in Shapeshifting
   867 | D:2      | Slain by a ribbon worm

Illustrated notes

Levels and vault maps discovered:
D:1:      lightli_arrival_farm, layout_loops_ring,
          ebering_ecumenical_altar_rust, corexii_item_surrounded_by_moat
D:2:      minmay_recursive_quarters, layout_loops_cross,
          nicolae_kite_square_tiling_tiny, minmay_lizard_pond, uniq_terence

Skill      XL: |  1  2  3 |
---------------+----------+-----
Unarmed Combat | 3 |  3.2
Shapeshifting  | 1 |  1.5
Fighting       | |  4.7
Dodging        | |  2.1

Action                     || total
---------------------------++-------
  Melee: Unarmed           ||    96
         Headbutt          ||    13
         Punch             ||     2
   Stab: Sleeping          ||     1
 Armour: Robe              ||    31
         Skin              ||    16
  Dodge: Dodged            ||    65
   Form: Flux              ||     1
